Map: Pylon LE

Players

ZeDoom - Winner!

  • Race: Protoss Protoss
  • League: Master
  • Spawn Location: 5:00

StarLight

  • Race: Terran Terran
  • League: Master
  • Spawn Location: 11:00

VOD

Have the link to the VOD?

Description

Time

  • Played on: Oct. 11, 2025, 3:50 p.m.
  • Length: 10:14
Show
View Real Time Build Order
Export as new Build Order

ZeDoom Protoss - Winner!

Build Orders: 1 Gate Expand, Blink Stalkers, Colossus Rush 

Get SALT Encoding   

  12  0:00  Probe  
  13  0:12  Probe  
  14  0:18  Pylon  
  14  0:24  Probe  
  15  0:32  Probe  
  15  0:37  Gateway  
  15  0:40  Probe  
  16  0:45  Assimilator  
  17  0:50  Probe  
  18  1:03  Probe  
  19  1:15  Probe  
  20  1:24  Cybernetics Core  
  20  1:32  Nexus  
  20  1:36  Probe  
  21  1:47  Pylon  
  21  1:49  Probe  
  21  1:52  Assimilator  
  22  1:55  Adept  
  22  2:01  Warp Gate  
  22  2:04  Probe  
  25  2:16  Probe  
  25  2:22  Stalker  
  26  2:29  Probe  
  29  2:37  Shield Battery  
  29  2:41  Twilight Council  
  29  2:42  Probe  
  30  2:47  Probe  
  31  2:54  Probe  
  32  3:00  Probe  
  32  3:02  Blink, Stalker  
  33  3:06  Probe  
  33  3:09  Gateway  
  36  3:13  Probe  
  36  3:18  Probe  
  38  3:25  Probe  
  38  3:30  Probe  
  39  3:37  Probe  
  39  3:42  Probe  
  39  3:43  Gateway  
  40  3:49  Probe  
  40  3:54  Probe  
  42  4:01  Probe  
  42  4:02  Nexus  
  43  4:06  Probe  
  44  4:10  Pylon  
  44  4:13  Probe  
  45  4:18  Probe  
  45  4:21  Robotics Facility  
  46  4:27  Stalker  
  46  4:28  Probe  
  46  4:30  Probe  
  46  4:31  Assimilator  
  50  4:37  Stalker  
  52  4:40  Probe  
  52  4:43  Probe  
  52  4:44  Pylon  
  54  4:53  Pylon  
  54  4:56  Charge  
  54  5:02  Probe x2  
  54  5:04  Gateway  
  54  5:06  Gateway  
  56  5:14  Probe x2  
  56  5:15  Probe  
  56  5:18  Robotics Bay  
  59  5:25  Probe  
  59  5:26  Probe  
  59  5:27  Probe  
  62  5:30  Gateway  
  62  5:32  Gateway  
  62  5:33  Probe  
  62  5:37  Observer  
  62  5:38  Probe  
  62  5:39  Probe  
  62  5:41  Probe  
  66  5:45  Pylon  
  66  5:46  Gateway  
  66  5:48  Gateway  
  67  5:50  Probe  
  67  5:51  Probe  
  67  5:53  Probe, Colossus  
  70  6:03  Pylon, Probe x2  
  72  6:06  Extended Thermal Lance  
  72  6:08  Probe  
  79  6:15  Probe  
  79  6:16  Probe  
  77  6:21  Stalker x5  
  80  6:27  Probe x2  
  80  6:28  Probe  
  80  6:29  Colossus  
  82  6:39  Probe x2  
  83  6:40  Probe  
  83  6:44  Gateway  
  84  6:51  Probe x2  
  84  6:52  Forge  
  92  6:54  Probe  
  93  7:03  Probe x2  
  95  7:09  Pylon  
  95  7:10  Pylon  
  95  7:17  Zealot  
  95  7:18  Zealot x2  
  95  7:22  Pylon  
  101  7:29  Photon Cannon  
  95  7:32  Zealot x6, Colossus  
  94  7:44  Zealot x4  
  94  7:48  Probe x3  
  99  7:57  Photon Cannon  
  99  8:00  Probe x2  
  99  8:01  Photon Cannon  
  101  8:09  Colossus  
  101  8:12  Probe x3  
  104  8:13  Assimilator  
  104  8:14  Nexus  
  104  8:15  Templar Archives  
  104  8:16  Pylon  
  104  8:20  Zealot x2  
  104  8:24  Probe x2  
  116  8:32  Zealot x3  
  122  8:48  Zealot  
  122  8:49  Zealot x4  
  132  8:58  Forge  
  130  9:08  Colossus  
  129  9:15  Stalker x5  
  133  9:22  Pylon  
  133  9:24  Pylon  
  133  9:28  Probe x4  
  133  9:31  Pylon  
  137  9:38  Zealot x4  
  128  9:50  Zealot x4  
  121  10:07  Zealot x4  
Show
View Real Time Build Order
Export as new Build Order

StarLight Terran 

Build Orders: Banshee Rush 

Get SALT Encoding   

  12  0:00  SCV  
  13  0:12  SCV  
  14  0:17  Supply Depot  
  14  0:24  SCV  
  15  0:38  SCV  
  15  0:40  Barracks  
  16  0:43  Refinery  
  16  0:50  SCV  
  16  0:55  Refinery  
  17  1:03  SCV  
  18  1:15  SCV  
  19  1:28  Orbital Command, Reaper  
  20  1:41  Supply Depot  
  20  1:43  Factory  
  20  1:53  SCV  
  21  2:00  Reaper  
  22  2:05  SCV  
  23  2:16  Command Center  
  23  2:19  SCV  
  24  2:31  Hellion, SCV  
  24  2:35  Starport  
  27  2:40  Barracks Reactor  
  27  2:43  SCV  
  28  3:00  SCV  
  28  3:03  Factory Tech Lab  
  28  3:12  Barracks  
  28  3:13  Starport Tech Lab, Barracks  
  28  3:16  Marine x2  
  28  3:17  SCV  
  31  3:40  SCV  
  30  3:41  Marine x2  
  30  3:42  Banshee  
  35  3:48  Orbital Command  
  35  3:50  Cloaking Field  
  35  3:53  SCV  
  36  3:57  Siege Tank  
  36  4:00  Marine  
  36  4:01  Marine  
  40  4:05  Marine x2, SCV  
  43  4:12  Bunker  
  43  4:15  SCV  
  44  4:17  SCV  
  44  4:18  Marine  
  46  4:32  Supply Depot  
  46  4:34  Refinery  
  46  4:35  Supply Depot  
  44  4:53  Banshee  
  44  4:54  Marine x3  
  44  4:55  SCV  
  44  4:57  Marine  
  52  5:00  SCV  
  52  5:02  Barracks  
  52  5:04  Barracks  
  52  5:07  Siege Tank  
  56  5:12  Marine x2  
  59  5:16  Marine  
  59  5:18  SCV  
  61  5:23  SCV  
  61  5:29  Marine  
  61  5:34  Supply Depot x2  
  62  5:42  Stimpack  
  62  5:43  Starport Reactor  
  62  5:52  Factory Reactor  
  62  5:55  Marine x6, SCV x2, Supply Depot  
  62  5:56  Combat Shield, Supply Depot  
  70  6:07  SCV x2  
  72  6:13  Marine x3  
  75  6:20  SCV x2  
  77  6:28  Marine  
  77  6:29  Marine  
  77  6:30  Widow Mine x2, Medivac x2  
  77  6:32  SCV x2  
  89  6:43  Marine x2  
  89  6:44  Marine, SCV x2  
  94  6:50  Supply Depot  
  94  6:51  Supply Depot  
  94  6:52  Supply Depot  
  94  6:53  Supply Depot  
  94  7:11  Marine x2, Widow Mine  
  98  7:17  SCV  
  98  7:18  Marine x2, SCV  
  98  7:19  Concussive Shells  
  102  7:29  SCV  
  98  7:34  Medivac x2  
  89  7:42  SCV  
  66  7:47  Marine x2  
  66  7:48  Marine, Marauder x2  
  66  7:49  SCV  
  67  7:55  SCV  
  67  7:57  Marine  
  65  8:01  Widow Mine x2, SCV  
  65  8:04  Medivac  
  65  8:05  Marine  
  73  8:07  SCV  
  74  8:13  SCV  
  74  8:18  Marine, Marauder x2  
  80  8:20  SCV  
  80  8:25  SCV  
  82  8:44  Marine x2, Marauder x2  
  82  8:45  Barracks Tech Lab, Barracks Reactor  
  82  8:46  Widow Mine x2, SCV  
  93  8:53  Supply Depot  
  89  9:13  Marine, SCV  
  89  9:14  Marine, Marauder x3  
  89  9:16  Widow Mine x2, Medivac  
  102  9:26  SCV x2  
  75  9:55  SCV  
Tags
 
Add a new tag
Caveats
  • Supply blocks, unpowered buildings, or Contaminate may cause inaccurate times.
  • Supply counts are checked every 10 seconds.